 Dungeon Crawl Stone Soup version 0.22.1-1-ga44c0e5 (webtiles) character file.

2438 lysyklops the Covered (level 9, -2/57 HPs)
             Began as a Gargoyle Fighter on Oct 1, 2018.
             Was a Believer of Okawaru.
             Killed by divine providence
             ... invoked by an orc priest
              (9 damage)
             ... on level 7 of the Dungeon.
             The game lasted 00:11:26 (6874 turns).

lysyklops the Covered (Gargoyle Fighter)            Turns: 6874, Time: 00:11:27

Health: -2/57      AC: 20    Str: 23    XL:     9   Next: 49%
Magic:  9/9        EV:  8    Int:  9    God:    Okawaru [**....]
Gold:   293        SH: 11    Dex:  9    Spells: 8/8 levels left

rFire    . . .     SeeInvis .   a - +0 flail
rCold    . . .     Gourm    .   c - +0 shield
rNeg     + . .     Faith    .   b - +0 scale mail
rPois    ∞         Spirit   .   i - +0 helmet (curse)
rElec    +         Reflect  .   z - +2 cloak
rCorr    .         Harm     .   u - +0 pair of gloves
MR       .....                  (no boots)
Stlth    ..........             (no amulet)
HPRegen  0.19/turn              (no ring)
MPRegen  0.11/turn              (no ring)

@: no status effects
A: negative energy resistance 1, electricity resistance, unbreathing,
petrification resistance, rot immunity, AC +6
a: Heroism, Renounce Religion


You were on level 7 of the Dungeon.
You worshipped Okawaru.
Okawaru was pleased with you.
You were not hungry.

You visited 2 branches of the dungeon, and saw 8 of its levels.

You collected 293 gold pieces.

Inventory:

Hand Weapons
 a - a +0 flail (weapon)
Armour
 b - a +0 scale mail (worn)
 c - a +0 shield (worn)
 i - a cursed +0 helmet (worn)
 u - a +0 pair of gloves (worn)
 z - a +2 cloak (worn)
Jewellery
 j - an uncursed ring of poison resistance {unknown}
 m - an uncursed amulet of guardian spirit {unknown}
 v - an uncursed ring of flight {unknown}
 y - a +2 ring of intelligence {unknown}
 B - an uncursed amulet of the acrobat {unknown}
 G - an uncursed ring of wizardry {unknown}
 J - an uncursed ring of ice {unknown}
Wands
 n - a wand of iceblast (10)
 E - a wand of polymorph (9)
 F - a wand of flame (11)
 K - a wand of paralysis (14)
Scrolls
 e - 6 scrolls of identify {unknown}
 k - 6 scrolls of enchant armour {unknown}
 l - 2 scrolls of fear {unknown}
 o - 5 scrolls of remove curse {unknown}
 s - 4 scrolls of teleportation {unknown}
 x - a scroll of fog {unknown}
 A - a scroll of immolation {unknown}
 H - a scroll of magic mapping {unknown}
 I - a scroll of enchant weapon {unknown}
Potions
 d - 2 potions of might
 g - a potion of magic {unknown}
 h - 2 potions of haste
 p - 2 potions of flight {unknown}
 q - a potion of lignification {unknown}
 r - 3 potions of curing {unknown}
 t - a potion of berserk rage {unknown}
 w - 2 potions of heal wounds {unknown}
 C - a potion of ambrosia {unknown}
 D - a potion of degeneration {unknown}
Comestibles
 f - 8 rations
 L - a chunk of flesh


   Skills:
 + Level 7.6 Fighting
 + Level 6.5 Maces & Flails
 + Level 7.6 Armour
 + Level 7.6 Shields


You had 8 spell levels left.
You didn't know any spells.
Your spell library was empty.

Dungeon Overview and Level Annotations

Branches:
Dungeon (7/15)             Temple (1/1) D:4

Altars:
Ashenzari
Cheibriados
Dithmenos
Elyvilon
Fedhas
Gozag
Hepliaklqana
Kikubaaqudgha
Makhleb
Nemelex Xobeh
Okawaru
Qazlal
Ru
Sif Muna
Trog
Vehumet
Wu Jian
Yredelemnul
Zin


Innate Abilities, Weirdness & Mutations

You are resistant to torment.
Your stone body is resilient. (AC +6)
You are immune to poison.
You resist negative energy. (rN+)
You are resistant to electric shocks. (rElec)
You can survive without breathing.
You are immune to petrification.
You are immune to rotting.


Message History

The orc wizard is almost dead.
The orc priest calls down the wrath of Beogh upon you.
Beogh smites you!
* * * LOW HITPOINT WARNING * * *
The orc wizard gestures wildly while chanting.
The orc wizard blinks!
The orc wizard hits you but does no damage.
Your shield prevents you from hitting the orc wizard.
The orc wizard is almost dead.
The orc wizard gestures at you while chanting.
The magic dart hits you!
You completely miss the orc wizard.
The orc wizard is almost dead.
You block the orc wizard's attack.
You sock the orc wizard!
You kill the orc wizard!
Okawaru accepts your kill.
The orc priest invokes the aid of Beogh against you.
Beogh smites you!
You die...

########### #.........#
########.#######.#
#.........# #.#
#'######..# #.#
....####..# #@#
..........# #)#
..........### #o#
..........##.###o##.#
.....###..##...5o...#
..##.###..##.#.####.##
####.##.....(#o.......
.........>..........###
####.#.......†....#.#


You could see an orc priest, a crimson imp and 2 orcs.

Vanquished Creatures
  Grinder (D:3)
  Menkaure (D:5)
  An orc warrior (D:7)
  2 ice beasts (D:5)
  2 phantoms
  5 ogres
  A centaur (D:7)
  2 scorpions
  A howler monkey (D:4)
  A bullfrog zombie (D:5)
  2 crimson imps
  2 orc priests
  3 hounds
  5 gnoll shamans (D:7)
  4 orc wizards
  A bullfrog skeleton (D:4)
  Ijyb (D:3)
  2 iguanas
  Natasha (thrice) (D:3)
  3 worker ants
  A hound skeleton (D:4)
  A howler monkey zombie (D:5)
  10 gnolls
  5 adders
  A shadow imp (D:5)
  An ooze (D:2)
  2 worms (D:2)
  2 dart slugs
  A leopard gecko (D:4)
  18 orcs
  6 giant cockroaches
  8 goblins
  2 hobgoblins
  10 jackals
  2 quokkas
  2 bats
  3 frilled lizards
  6 kobolds
  9 rats
133 creatures vanquished.

Vanquished Creatures (others)
  4 fungi (D:7)
  8 plants (D:7)
12 creatures vanquished.

Grand Total: 145 creatures vanquished

Notes
Turn   | Place    | Note
-------+----------+-------------------------------------------
     0 | D:1      | lysyklops the Gargoyle Fighter began the quest for the Orb.
     0 | D:1      | Reached XP level 1. HP: 14/14 MP: 1/1
   219 | D:1      | Reached XP level 2. HP: 7/19 MP: 2/2
  1073 | D:2      | Reached XP level 3. HP: 24/24 MP: 3/3
  1648 | D:3      | Noticed Ijyb
  1669 | D:3      | Killed Ijyb
  1669 | D:3      | Reached XP level 4. HP: 22/29 MP: 4/4
  1876 | D:3      | Noticed Natasha
  1889 | D:3      | Killed Natasha
  1889 | D:3      | Reached XP level 5. HP: 17/33 MP: 5/5
  2037 | D:3      | Noticed Natasha
  2054 | D:3      | Killed Natasha
  2077 | D:3      | Noticed Grinder
  2106 | D:3      | Paralysed by Grinder for 3 turns
  2129 | D:3      | Paralysed by Grinder for 5 turns
  2140 | D:3      | Paralysed by Grinder for 3 turns
  2152 | D:3      | Paralysed by Grinder for 4 turns
  2161 | D:3      | Paralysed by Grinder for 7 turns
  2171 | D:3      | Killed Grinder
  2171 | D:3      | Reached XP level 6. HP: 18/40 MP: 6/6
  2647 | D:3      | Found a radiant altar of Vehumet.
  2647 | D:3      | Found a basalt altar of Yredelemnul.
  2709 | D:3      | Noticed Natasha
  2722 | D:3      | Killed Natasha
  2722 | D:3      | Reached skill level 5 in Armour
  2913 | D:4      | Reached skill level 5 in Fighting
  2913 | D:4      | Reached skill level 5 in Shields
  2920 | D:4      | Reached XP level 7. HP: 36/44 MP: 7/7
  3978 | D:4      | Found a staircase to the Ecumenical Temple.
  4082 | Temple   | Entered the Ecumenical Temple
  4204 | Temple   | Became a worshipper of Warmaster Okawaru
  4281 | D:5      | Entered Level 5 of the Dungeon
  4383 | D:5      | Reached XP level 8. HP: 51/51 MP: 8/8
  4418 | D:5      | Noticed Menkaure
  4434 | D:5      | Killed Menkaure
  4434 | D:5      | Reached * piety under Okawaru
  4434 | D:5      | Reached skill level 5 in Maces & Flails
  4730 | D:5      | Found a bloodstained altar of Trog.
  5873 | D:7      | Reached XP level 9. HP: 56/56 MP: 9/9
  6093 | D:7      | Reached ** piety under Okawaru
  6874 | D:7      | Killed from afar by an orc priest

Skill      XL: |  1  2  3  4  5  6  7  8  9 |
---------------+----------------------------+-----
Armour         | 4 5 6 7 |  7.6
Shields        | 4 5 6 7 |  7.6
Fighting       | 4 5 6 7 |  7.6
Maces & Flails | 3 4 5 6 |  6.5

Action                   |  1- 3 |  4- 6 |  7- 9 || total
-------------------------+-------+-------+-------++-------
Melee: Flail             |   158 |   135 |   474 ||   767
  Eat: Chunk             |     2 |     4 |     8 ||    14
       Ration            |       |       |     2 ||     2
Armor: Scale mail        |    87 |    65 |   254 ||   406
Dodge: Dodged            |    54 |    36 |   160 ||   250
Block: Shield            |    70 |    56 |   289 ||   415
